 Dungeon Crawl Stone Soup version 0.21.1-1-g345015fe64 (webtiles) character file.

1316 Naow the Cleaver (level 8, -5/58 HPs)
             Began as a Formicid Fighter on June 11, 2018.
             Slain by Prince Ribbit (8 damage)
             ... on level 5 of the Dungeon.
             The game lasted 00:04:29 (3606 turns).

Naow the Cleaver (Formicid Fighter)                 Turns: 3606, Time: 00:04:30

Health: -5/58      AC:  8    Str: 29    XL:     8   Next: 89%
Magic:  8/8        EV:  9    Int:  7    God:
Gold:   155        SH: 12    Dex: 10    Spells: 7/7 levels left

rFire    . . .     SeeInvis +   a - +0 war axe
rCold    . . .     Gourm    .   c - +0 shield
rNeg     . . .     Faith    .   b - +0 scale mail
rPois    .         Spirit   .   (helmet unavailable)
rElec    .         Reflect  .   (no cloak)
rCorr    .         Harm     .   s - +0 pair of gloves
MR       .....                  (no boots)
Stlth    ..........             (no amulet)
HPRegen  0.19/turn              (no ring)
MPRegen  0.11/turn              (no ring)

@: mighty
A: permanent stasis, dig shafts and tunnels, four strong arms, antennae 3
a: Dig, Shaft Self


You were on level 5 of the Dungeon.
You were very hungry.

You visited 1 branch of the dungeon, and saw 5 of its levels.

You collected 155 gold pieces.

Inventory:

Hand Weapons
 a - a +0 war axe (weapon)
Armour
 b - a +0 scale mail (worn)
 c - a +0 shield (worn)
 s - a +0 pair of gloves (worn)
Jewellery
 w - a +5 ring of strength {unknown}
 y - a +4 ring of protection {unknown}
Scrolls
 e - 2 scrolls of blinking {unknown}
 i - 6 scrolls of identify {unknown}
 j - 2 scrolls of remove curse {unknown}
 k - a scroll of noise {unknown}
 l - a scroll of fog {unknown}
 n - a scroll of enchant armour {unknown}
 o - a scroll of enchant weapon {unknown}
 z - 3 scrolls of teleportation {unknown}
Potions
 d - a potion of might
 g - 3 potions of mutation {unknown}
 h - a potion of agility {unknown}
 m - a potion of flight {unknown}
 p - a potion of haste
 q - a potion of cancellation {unknown}
 r - 2 potions of degeneration {unknown}
 t - 4 potions of curing {unknown}
 u - a potion of resistance {unknown}
 v - a potion of ambrosia {unknown}
 x - a potion of lignification {unknown}
 A - a potion of heal wounds {unknown}
Books
 B - a book of Battle

   Spells                             Type                      Level
   a - Infusion                       Charms                       1
   b - Shroud of Golubria             Charms/Translocation         2
   c - Song of Slaying                Charms                       2
   d - Spectral Weapon                Hexes/Charms                 3
   e - Regeneration                   Charms/Necromancy            3
Comestibles
 f - 8 rations


   Skills:
 - Level 3.2 Fighting
 * Level 8.6 Axes
 - Level 3.2 Armour
 + Level 7.9 Shields


You had 7 spell levels left.
You didn't know any spells.

Dungeon Overview and Level Annotations

Branches:
Dungeon (5/15)             Temple (0/1) D:4

Altars:
Elyvilon
Hepliaklqana
Makhleb
Trog

Annotations:
D:5 Prince Ribbit


Innate Abilities, Weirdness & Mutations

You cannot be hasted, slowed, berserked, paralysed or teleported.
You can dig through walls and to a lower floor.
Your four strong arms can wield two-handed weapons with a shield.
You have a pair of large antennae on your head. (SInv)


Message History

* * * LOW HITPOINT WARNING * * *
You block Prince Ribbit's attack.
The ice beast hits you but does no damage.
You closely miss Prince Ribbit. You barely miss the ice beast.
Prince Ribbit hits you.
* * * LOW HITPOINT WARNING * * *
The ice beast hits you but does no damage.
Your shield and scale mail prevent you from hitting Prince Ribbit.
You closely miss the ice beast. You block Prince Ribbit's attack.
The ice beast barely misses you. Prince Ribbit hits you!
* * * LOW HITPOINT WARNING * * *
You miss Prince Ribbit.
Your shield and scale mail prevent you from hitting the ice beast.
Prince Ribbit blinks!
You block the ice beast's attack. You block Prince Ribbit's attack.
Your shield and scale mail prevent you from hitting Prince Ribbit.
You slash the ice beast!
Prince Ribbit lets out a mournful croak.
Prince Ribbit hits you!
You die...

############
......F@Y..#
##########.#.#
#..#######.....[..>.#
#..........######.###
#.#####.............
###.#########.###
#..#..........#
#.#.########### #.#.#


You could see Prince Ribbit and an ice beast.

Vanquished Creatures
  Pikel (D:4)
  Sigmund (D:2)
  An ogre (D:4)
  The ghost of Anathary the Sneak, an amateur OpAs of Cheibriados (D:3)
  2 hounds
  A jelly (D:5)
  An orc priest (D:3)
  An iguana (D:5)
  2 orc wizards (D:3)
  2 worker ants (D:4)
  Natasha (thrice) (D:3)
  5 gnolls (D:4)
  3 adders
  An ooze (D:3)
  3 worms
  3 dart slugs (D:1)
  2 leopard geckos
  13 orcs
  12 bats
  6 giant cockroaches
  4 goblins
  6 hobgoblins
  9 jackals
  6 quokkas
  3 frilled lizards (D:2)
  10 kobolds
  A quokka skeleton (D:4)
  7 rats
110 creatures vanquished.

Notes
Turn   | Place    | Note
-------+----------+-------------------------------------------
     0 | D:1      | Naow the Formicid Fighter began the quest for the Orb.
     0 | D:1      | Reached XP level 1. HP: 18/18 MP: 1/1
   114 | D:1      | Reached XP level 2. HP: 24/24 MP: 2/2
   255 | D:1      | Reached XP level 3. HP: 29/29 MP: 3/3
   266 | D:1      | Reached skill level 3 in Axes
   788 | D:2      | Found a hazy altar of Hepliaklqana.
   879 | D:2      | Reached XP level 4. HP: 34/35 MP: 4/4
   888 | D:2      | Found a faded altar of an unknown god.
   992 | D:2      | Noticed Sigmund
  1001 | D:2      | Killed Sigmund
  1001 | D:2      | Reached skill level 5 in Axes
  1001 | D:2      | Reached skill level 5 in Shields
  1001 | D:2      | Reached XP level 5. HP: 18/41 MP: 5/5
  1001 | D:2      | Reached XP level 6. HP: 20/47 MP: 6/6
  1812 | D:3      | Noticed Anathary's ghost (amateur OpAs)
  1825 | D:3      | Killed Anathary's ghost
  1825 | D:3      | Reached XP level 7. HP: 45/52 MP: 7/7
  1875 | D:3      | Reached skill level 6 in Axes
  1975 | D:3      | Noticed Natasha
  1984 | D:3      | Killed Natasha
  2107 | D:3      | Noticed Natasha
  2113 | D:3      | Killed Natasha
  2223 | D:3      | Noticed Natasha
  2229 | D:3      | Killed Natasha
  2331 | D:3      | You fall through a shaft for 2 floors!
  2331 | D:5      | Entered Level 5 of the Dungeon
  2339 | D:4      | Found a white marble altar of Elyvilon.
  2676 | D:4      | Reached skill level 7 in Axes
  2676 | D:4      | Reached XP level 8. HP: 12/58 MP: 8/8
  2929 | D:4      | Found a staircase to the Ecumenical Temple.
  3060 | D:4      | Noticed Pikel
  3072 | D:4      | Killed Pikel
  3072 | D:4      | Reached skill level 8 in Axes
  3092 | D:4      | Found a bloodstained altar of Trog.
  3528 | D:5      | Found a burning altar of Makhleb.
  3592 | D:5      | Noticed Prince Ribbit
  3606 | D:5      | Slain by Prince Ribbit

Skill      XL: |  1  2  3  4  5  6  7  8 |
---------------+-------------------------+-----
Shields        | 4 5 6 7 |  7.9
Axes           | 3 5 7 8 |  8.6
Fighting       | |  3.2
Armour         | |  3.2

Action                   |  1- 3 |  4- 6 |  7- 9 || total
-------------------------+-------+-------+-------++-------
Melee: War axe           |    91 |   141 |   198 ||   430
  Use: Potion            |       |       |     1 ||     1
  Eat: Chunk             |       |     3 |     5 ||     8
Armor: Scale mail        |    27 |    57 |    52 ||   136
Dodge: Dodged            |    30 |    41 |    55 ||   126
Block: Shield            |    57 |    83 |    96 ||   236
